 Dungeon Crawl Stone Soup version 0.31-a0-1620-gcbf77bbcfc (webtiles) character file.

Game seed: 18186125077221868705

8 codmizer the Grave Robber (level 2, -2/19 HPs)
             Began as a Mummy Necromancer on Jan 12, 2024.
             Slain by a quokka (3 damage)
             ... on level 1 of the Dungeon.
             The game lasted 00:07:16 (158 turns).

codmizer the Grave Robber (Mummy Necromancer)        Turns: 158, Time: 00:07:17

Health: -2/19      AC:  2    Str: 11    XL:     2   Next: 0%
Magic:  0/5        EV: 12    Int: 14    God:
Gold:   0          SH:  0    Dex: 12    Spells: 5/6 levels left

rFire   x . .        (no weapon)
rCold   + . .        (no shield)
rNeg    + + +        a - +0 robe
rPois   ∞            (no helmet)
rElec   .            (no cloak)
rCorr   .            (no gloves)
SInv    .            (no boots)
Will    .....        (no amulet)
Stlth   ++           (no ring)
HPRegen 0.23/turn    (no ring)
MPRegen 0.09/turn

%: faith
@: no status effects
A: cold resistance 1, negative energy resistance 3, torment resistance 2, heat
vulnerability 1, in touch with death 1, no potions, faith
a: no special abilities


You were on level 1 of the Dungeon.
You visited 1 branch of the dungeon, and saw 1 of its levels.

Inventory:

Armour
 a - a +0 robe (worn)


   Skills:
 + Level 1.7 Dodging
 + Level 1.5 Stealth
 + Level 2.8 Spellcasting
 + Level 4.2 Necromancy


You had 5 spell levels left.
You knew the following spells:

 Your Spells              Type           Power      Damage    Failure   Level
a - Necrotise             Necr           80%        1d8       3%          1

Your spell library contained the following spells:

 Spells                   Type           Power      Damage    Failure   Level
 Vampiric Draining        Necr           20%        2d7       12%         3
 Animate Dead             Necr           20%        N/A       36%         4
 Curse of Agony           Necr           20%        N/A       71%         5


Dungeon Overview and Level Annotations

Branches:
Dungeon (1/15)

Altars:


Innate Abilities, Weirdness & Mutations

You are immune to poison.
Your flesh is cold resistant. (rC+)
You are immune to negative energy. (rN+++)
You are immune to unholy pain and torment.
You are vulnerable to heat. (rF-)
You are in touch with the powers of death.
You do not drink.
You have a special connection with the divine. (Faith)


Message History

You have reached level 2!
The quokka attacks as it pursues you! The quokka barely misses you.
The quokka bites you. The quokka attacks as it pursues you!
The quokka bites you. The quokka attacks as it pursues you!
The quokka barely misses you. The quokka barely misses you.
The quokka barely misses you.
Casting: Necrotise (safe; 3% risk of failure)
Confirm with . or Enter, or press ? or * to list all spells.
Aiming: Necrotise (safe; 3% risk of failure)
Press: ? - help, Shift-Dir - straight line, f - quokka
Aim: a quokka (chance to affect: 89%)
You feel a surge of power!
The quokka writhes in agony.
The quokka closely misses you.
Your jackal skeleton misses the jackal.
Your jackal skeleton closely misses the jackal.
The quokka attacks as it pursues you! The quokka barely misses you.
The quokka barely misses you. The quokka attacks as it pursues you!
The quokka bites you. The quokka attacks as it pursues you!
The quokka bites you. The quokka attacks as it pursues you!
The quokka bites you but does no damage.
Casting: Necrotise (safe; 3% risk of failure)
Confirm with . or Enter, or press ? or * to list all spells.
Aiming: Necrotise (safe; 3% risk of failure)
Press: ? - help, Shift-Dir - straight line, f/p - quokka
Aim: a quokka (heavily wounded, ally target, chance to affect: 89%)
You feel a surge of power!
The quokka barely resists.
The quokka bites you. The quokka attacks as it pursues you!
The quokka closely misses you. The quokka misses you.
The quokka attacks as it pursues you! The quokka bites you.
* * * LOW HITPOINT WARNING * * *
The quokka twitches its whiskers.
The quokka attacks as it pursues you! The quokka barely misses you.
Your jackal skeleton barely misses the jackal.
The quokka misses you. The quokka bites you.
* * * LOW HITPOINT WARNING * * *
Your jackal skeleton crumbles into dust!
The quokka bites you.
You die...

#......####...
#.........$....
#..##...###....
#..###.........
#.....#..##..##
#.#.#........#
#.#.#.#.#†#... #.#...#Z#.#
## ######@#####h#..
###......rh..#.# ##
#...########...#
#########.################
.........................#
................)........#
..###########..#######...#
..# ###..##### #...#
..##### #........###...#


You could see a quokka and a jackal.

Vanquished Creatures
  3 jackals (D:1)
  2 bats (D:1)
  A rat (D:1)
6 creatures vanquished.

Vanquished Creatures (collateral kills)
  A goblin (D:1)
  A rat (D:1)
2 creatures vanquished.

Grand Total: 8 creatures vanquished

Notes
Turn   | Place    | Note
-------+----------+-------------------------------------------
     0 | D:1      | codmizer the Mummy Necromancer began the quest for the Orb.
     0 | D:1      | Reached XP level 1. HP: 13/13 MP: 4/4
   130 | D:1      | Reached XP level 2. HP: 19/19 MP: 0/5
   158 | D:1      | Slain by a quokka

Illustrated notes

Levels and vault maps discovered:
D:1:      dpeg_arrival_boxes_within_box, layout_basic, serial_shops,
          shop_fountains

Action                     || total
---------------------------++-------
   Cast: Necrotise         ||    12
 Armour: Robe              ||    13
  Dodge: Dodged            ||    21

Table legend: (Time is in decaauts)
 A = Elapsed time spent in this place.
 B = Non-inter-level travel time spent in this place.
 C = Inter-level travel time spent in this place.
 D = Time resting spent in this place.
 E = Time spent auto-exploring this place.
 F = Levels seen in this place.
 G = Mean time per level.
                   A        B        C        D        E       F      G
               +--------+--------+--------+--------+--------+-----+--------+
         Total |    158 |    158 |      0 |      0 |     75 |   1 |  158.0 |
       Dungeon |    158 |    158 |      0 |      0 |     75 |   1 |  158.0 |
               +--------+--------+--------+--------+--------+-----+--------+

Top non-repeatable levels by time:
     D:1: 158 daAuts
